 Dungeon Crawl Stone Soup version 0.27-a0-1438-g9b7c6745da (webtiles) character file.

Game seed: 17148387113320967569

87 Gargoyl the Skirmisher (level 4, -1/41 HPs)
             Began as a Gnoll Abyssal Knight on July 4, 2021.
             Was a Follower of Lugonu.
             Slain by an ogre (19 damage)
             ... on level 2 of the Dungeon.
             The game lasted 00:03:15 (1852 turns).

Gargoyl the Skirmisher (Gnoll Abyssal Knight)       Turns: 1852, Time: 00:03:15

Health: -1/41      AC:  9    Str: 12    XL:     4   Next: 51%
Magic:  7/7        EV:  6    Int: 11    God:    Lugonu [*.....]
Gold:   50         SH:  0    Dex: 12    Spells: 5/5 levels left

rFire    . . .     SeeInvis .   c - +0 war axe (flame)
rCold    . . .     Faith    .   (no shield)
rNeg     . . .     Spirit   .   b - +0 chain mail
rPois    .         Reflect  .   (no helmet)
rElec    .         Harm     .   (no cloak)
rCorr    .         Rampage  .   (no gloves)
Will     .....                  (no boots)
Stlth    ..........             (no amulet)
HPRegen  0.13/turn              (no ring)
MPRegen  0.10/turn              (no ring)

@: no status effects
A: fangs 1, strong nose, distributed training
a: Renounce Religion, Depart the Abyss


You were on level 2 of the Dungeon.
You worshipped Lugonu.
Lugonu was aware of your devotion.
You visited 1 branch of the dungeon, and saw 3 of its levels.
You visited the Abyss 1 time.

You collected 50 gold pieces.

Inventory:

Hand Weapons
 a - a +1 vorpal hand axe
 c - a +0 war axe of flaming (weapon)
Armour
 b - a +0 chain mail (worn)
Scrolls
 e - a scroll of enchant weapon {unknown}
 k - 2 scrolls of teleportation
Potions
 d - a potion of curing
 f - a potion of heal wounds
 g - 2 potions of ambrosia
 i - a potion of mutation {unknown}
 j - a potion of lignification {unknown}


   Skills:
 + Level 6.6 Fighting
 + Level 1.1 Short Blades
 + Level 1.1 Long Blades
 + Level 4.6 Axes
 + Level 1.1 Maces & Flails
 + Level 1.1 Polearms
 + Level 1.1 Staves
 + Level 1.1 Slings
 + Level 1.1 Bows
 + Level 1.1 Crossbows
 + Level 1.1 Throwing
 + Level 4.6 Armour
 + Level 2.7 Dodging
 + Level 1.1 Stealth
 + Level 1.1 Shields
 + Level 1.1 Unarmed Combat
 + Level 1.1 Spellcasting
 + Level 0.9 Conjurations
 + Level 0.9 Hexes
 + Level 0.9 Summonings
 + Level 0.9 Necromancy
 + Level 0.9 Translocations
 + Level 0.9 Transmutations
 + Level 0.9 Fire Magic
 + Level 0.9 Ice Magic
 + Level 0.9 Air Magic
 + Level 0.9 Earth Magic
 + Level 0.9 Poison Magic
 + Level 4.7 Invocations
 + Level 1.1 Evocations


You had 5 spell levels left.
You didn't know any spells.
Your spell library was empty.

Dungeon Overview and Level Annotations

Branches:
Dungeon (3/15)

Altars:

Shops:
D:1 *


Innate Abilities, Weirdness & Mutations

You have very sharp teeth.
Your uncanny sense of smell can sniff out nearby items.
Your experience applies equally to all skills.


Message History

The ball python hisses angrily.
The bat hits you but does no damage.
The ball python moves out of view.
The bat hits you but does no damage. The bat hits you but does no damage.
The bat hits you but does no damage. The bat hits you but does no damage.
The bat hits you but does no damage. x2; The bat barely misses you.
Your chain mail prevents you from hitting the bat.
The bat barely misses you. The bat hits you but does no damage.
You hit the bat. You burn the bat.
You kill the bat!
Lugonu accepts your kill. The ball python barely misses you.
The ball python grabs you. The ball python constricts you.
You barely miss the ball python.
The ball python bites you but does no damage.
The ball python constricts you.
You slash the ball python! You burn the ball python.
You kill the ball python!
Lugonu accepts your kill.
Things that are here:
a ball python corpse; a bat corpse
e - a scroll labelled UFITOWU NENI An adder comes into view.
The adder hisses angrily.
An adder is nearby!
The ogre shouts!
You closely miss the adder. Your bite misses the adder. The adder bites you.
The adder bites you but does no damage.
You miss the adder. The adder bites you but does no damage.
You hit the adder but do no damage. You hit the ogre. You burn the ogre.
The adder bites you but does no damage.
The ogre hits you with a +0 giant club!!
Ouch! That really hurt!
The adder bites you but does no damage.
You miss the adder.
Your chain mail prevents you from hitting the ogre.
The adder bites you.
The ogre hits you with a +0 giant club!!
You die...

#.# #......##.# #.#
#......##.# #.#
#......##.#
####.####......##.#
#..............##.#
∆
#.....###......##.#
#.....# #########.#
#.....# ....#....@#
....#...OS#
...#......
#..#.......
#..##....... #..
#........
#.##.........
#<.###.######.
##.## ....


You could see an ogre and an adder.

Vanquished Creatures
  An orc priest (D:3)
  A worm (D:2)
  3 orcs (D:3)
  6 ball pythons
  7 endoplasms
  A giant cockroach (D:1)
  3 hobgoblins
  4 jackals (D:1)
  A quokka (D:1)
  4 bats
  2 frilled lizards
  8 goblins
  3 kobolds (D:1)
  3 rats
47 creatures vanquished.

Vanquished Creatures (others)
  A fungus (D:1)
  A plant (D:1)
  4 starspawn tentacles (Abyss:3)
6 creatures vanquished.

Grand Total: 53 creatures vanquished

Notes
Turn   | Place    | Note
-------+----------+-------------------------------------------
     0 | Abyss:1  | Gargoyl the Gnoll Abyssal Knight began the quest for the
                  | Orb.
     0 | Abyss:1  | Reached XP level 1. HP: 23/23 MP: 3/3
   105 | Abyss:2  | Noticed a small abomination
   155 | Abyss:3  | Noticed a tentacled starspawn
   161 | Abyss:3  | Noticed a fire bat
   167 | Abyss:3  | Noticed a fire bat
   179 | D:1      | Escaped the Abyss
   370 | D:1      | Reached XP level 2. HP: 25/29 MP: 5/5
   487 | D:1      | Reached * piety under Lugonu
   575 | D:1      | Found a faded altar of an unknown god.
   774 | D:1      | Reached XP level 3. HP: 32/35 MP: 6/6
  1116 | D:1      | Found Reily's Assorted Antiques.
  1247 | D:2      | Noticed an ogre
  1256 | D:2      | HP: 1/35 [ogre (22)]
  1609 | D:3      | Reached skill level 1 in Short Blades
  1609 | D:3      | Reached skill level 1 in Long Blades
  1609 | D:3      | Reached skill level 1 in Maces & Flails
  1609 | D:3      | Reached skill level 1 in Polearms
  1609 | D:3      | Reached skill level 1 in Staves
  1609 | D:3      | Reached skill level 1 in Slings
  1609 | D:3      | Reached skill level 1 in Bows
  1609 | D:3      | Reached skill level 1 in Crossbows
  1609 | D:3      | Reached skill level 1 in Throwing
  1609 | D:3      | Reached skill level 1 in Stealth
  1609 | D:3      | Reached skill level 1 in Shields
  1609 | D:3      | Reached skill level 1 in Unarmed Combat
  1609 | D:3      | Reached skill level 1 in Spellcasting
  1609 | D:3      | Reached skill level 1 in Evocations
  1609 | D:3      | Reached XP level 4. HP: 34/41 MP: 7/7
  1852 | D:2      | Slain by an ogre

Illustrated notes

Levels and vault maps discovered:
D:1:      dpeg_arrival_arbitrary_c, layout_loops_cross, serial_shops,
          nicolae_shop_window_shopping,
          shapermc_ecumenical_altar_mp_urbaneastern
D:2:      layout_basic, minmay_goblin_kobold_house
D:3:      layout_rooms, gammafunk_temple_overflow_pools,
          minmay_increasing_density

Skill      XL: |  1  2  3 |
---------------+----------+-----
Short Blades   | 1 |  1.1
Long Blades    | 1 |  1.1
Maces & Flails | 1 |  1.1
Polearms       | 1 |  1.1
Staves         | 1 |  1.1
Slings         | 1 |  1.1
Bows           | 1 |  1.1
Crossbows      | 1 |  1.1
Throwing       | 1 |  1.1
Stealth        | 1 |  1.1
Shields        | 1 |  1.1
Unarmed Combat | 1 |  1.1
Spellcasting   | 1 |  1.1
Evocations     | 1 |  1.1
Fighting       | |  6.6
Axes           | |  4.6
Armour         | |  4.6
Dodging        | |  2.7
Conjurations   | |  0.9
Hexes          | |  0.9
Summonings     | |  0.9
Necromancy     | |  0.9
Translocations | |  0.9
Transmutations | |  0.9
Fire Magic     | |  0.9
Ice Magic      | |  0.9
Air Magic      | |  0.9
Earth Magic    | |  0.9
Poison Magic   | |  0.9
Invocations    | |  4.7

Action                   |  1- 3 |  4- 6 || total
-------------------------+-------+-------++-------
Melee: War axe           |   104 |    19 ||   123
       Bite              |     6 |       ||     6
Invok: Depart the Abyss  |     1 |       ||     1
  Use: Scroll            |     6 |       ||     6
       Potion            |     2 |       ||     2
Armor: Chain mail        |    68 |    19 ||    87
Dodge: Dodged            |    34 |     8 ||    42

Table legend: (Time is in decaauts)
 A = Elapsed time spent in this place.
 B = Non-inter-level travel time spent in this place.
 C = Inter-level travel time spent in this place.
 D = Time resting spent in this place.
 E = Time spent auto-exploring this place.
 F = Levels seen in this place.
 G = Mean time per level.
                   A        B        C        D        E       F      G
               +--------+--------+--------+--------+--------+-----+--------+
         Total |   1886 |   1862 |     24 |     10 |   1393 |   6 |  314.3 |
       Dungeon |   1707 |   1683 |     24 |     10 |   1292 |   3 |  569.0 |
         Abyss |    179 |    179 |      0 |      0 |    101 |   3 |   59.7 |
               +--------+--------+--------+--------+--------+-----+--------+

Top non-repeatable levels by time:
     D:1: 1035 daAuts
     D:3: 535 daAuts
     D:2: 136 daAuts
 Abyss:2: 61 daAuts
 Abyss:1: 60 daAuts
 Abyss:3: 56 daAuts
